Avalanche vs Canucks

Created - November 28, 2018 at 19:01

Goals
1 2 3 T
Avalanche 2 1 1 4
Canucks 0 3 0 3
Shots
1 2 3 T
Avalanche 9 18 5 32
Canucks 15 8 5 28

1st period

1. Avalanche , Andrei Kostitsyn 11 (Alexander Radulov 9) at 6:45 (PP)
2. Avalanche , Patric Hornqvist 10 (Bryan Little 21, Jay Bouwmeester 6) at 14:28

Penalties :
Chris Campoli (Van) for Roughing (Minor) at 6:03, Clarke MacArthur (Van) for Roughing (Minor) at 10:18, Bryan Little (Col) for Hooking (Minor) at 15:11

2nd period

3. Canucks , Peter Worrell 3 (Michael Latta 2, Johan Franzen 3) at 6:06
4. Canucks , Chris Higgins 11 (Alex Goligoski 17, Mike Ribeiro 4) at 8:32
5. Avalanche , Jack Johnson 2 (Patric Hornqvist 14, Mikkel Boedker 21) at 11:14
6. Canucks , Peter Worrell 4 (Chris Higgins 14, Chris Campoli 3) at 18:44

Penalties :
Andrew Ladd (Col) for Hooking (Minor) at 1:23

3rd period

7. Avalanche , Alexander Radulov 11 (Paul Stastny 15, Patric Hornqvist 15) at 8:48

Penalties :
Ladislav Smid (Van) for Hooking (Minor) at 6:36, Paul Stastny (Col) for Interference (Minor) at 9:10, Chris Higgins (Van) for High sticking (Minor) at 18:43

Goalie Stats

Roberto Luongo (Col), 25 saves from 28 shots - (0.893), W, 5-2-1, 60:00 minutes
Michal Neuvirth (Van), 28 saves from 32 shots - (0.875), L, 9-10-0, 60:00 minutes

Players Stats for Avalanche

Player Name              G  A  P  +/- PIM S  H  SB GA TA FO     MP     PP MP  PK MP  
------------------------------------------------------------------------------------
Alexander Radulov        1  1  2  -1  0   4  2  0  1  0  1/2    18:38   1:45   0:00 
Andrei Kostitsyn         1  0  1  -1  0   4  0  1  3  0  0/2    13:23   2:20   0:50 
Andrew Ladd              0  0  0  -1  2   2  1  1  0  0  1/2    18:21   0:00   0:51 
Brandon Yip              0  0  0  -1  0   1  3  1  0  0  0/1    11:57   0:35   1:41 
Bryan Little             0  1  1   2  2   3  1  1  0  1  9/13   18:53   3:34   0:10 
Chuck Kobasew            0  0  0   0  0   2  0  0  1  0  0/0     9:56   0:00   3:26 
Dan Boyle                0  0  0   0  0   2  1  1  1  0  0/0    12:53   0:00   0:00 
Dominic Moore            0  0  0   0  0   0  0  0  0  0  3/7    10:33   0:37   3:26 
Greg Campbell            0  0  0  -1  0   0  2  0  0  0  1/3    11:04   0:00   1:30 
Jack Johnson             1  0  1   0  0   2  0  1  0  2  0/0    25:22   3:47   2:30 
Jay Bouwmeester          0  1  1   0  0   3  2  1  0  0  0/0    20:43   3:47   0:00 
Johnny Boychuk           0  0  0   0  0   2  0  2  0  0  0/0    15:10   0:00   2:30 
Marc Staal               0  0  0   0  0   0  1  1  0  2  0/0    21:45   2:09   3:27 
Mikkel Boedker           0  1  1   2  0   4  3  0  0  0  0/0    18:04   3:36   0:00 
Patric Hornqvist         1  2  3   2  0   1  2  1  2  0  1/3    18:04   3:36   0:00 
Paul Stastny             0  1  1  -1  2   1  4  2  0  0  13/23  18:38   1:45   0:00 
Pernell Karl Subban      0  0  0   0  0   1  2  1  0  0  0/0    24:07   2:09   3:27 
Zach Boychuk             0  0  0   0  0   0  0  0  0  0  0/0     6:29   0:00   0:00 

Players Stats for Canucks

Player Name              G  A  P  +/- PIM S  H  SB GA TA FO     MP     PP MP  PK MP  
------------------------------------------------------------------------------------
Alex Goligoski           0  1  1   0  0   3  3  1  1  1  0/0    27:48   3:15   3:41 
Brad Boyes               0  0  0   0  0   3  3  0  2  0  1/1    22:48   3:15   3:24 
Chris Campoli            0  1  1  -1  2   0  0  0  0  1  0/0    13:43   0:00   2:35 
Chris Higgins            1  1  2   0  2   1  1  1  1  0  0/0    18:25   2:37   1:51 
Clarke MacArthur         0  0  0  -1  2   2  0  0  0  0  0/3    20:50   3:15   1:09 
Danny DeKeiser           0  0  0   0  0   0  0  0  0  0  0/0    19:01   2:42   0:00 
Jiri Hudler              0  0  0   1  0   4  1  0  0  0  0/1    16:23   2:37   0:00 
Johan Franzen            0  1  1   0  0   0  2  0  0  0  0/0    11:23   0:05   0:00 
Jonathan Blum            0  0  0   0  0   1  0  0  0  2  0/0    15:38   3:15   0:46 
Ladislav Smid            0  0  0  -1  2   2  0  1  0  0  0/0    17:16   0:00   1:35 
Martins Karsums          0  0  0   0  0   0  1  0  0  0  1/1     6:24   0:00   0:00 
Matt Stajan              0  0  0   0  0   2  2  0  0  1  17/35  22:40   3:15   3:28 
Maxim Lapierre           0  0  0   0  0   0  0  0  0  0  1/3     7:08   0:05   0:03 
Michael Latta            0  1  1   0  0   3  2  0  0  0  1/4    14:10   2:37   0:21 
Mike Ribeiro             0  1  1   1  0   0  2  0  0  1  5/7    13:45   0:00   0:00 
Peter Worrell            2  0  2   0  0   3  3  0  0  1  1/1    11:48   0:05   0:08 
Ryan Hollweg             0  0  0   0  0   3  2  1  0  0  0/0     8:05   0:00   1:28 
Steve Montador           0  0  0   1  0   1  0  3  1  1  0/0    26:45   2:42   3:15 

3 Stars

1 - Patric Hornqvist (Col)
2 - Peter Worrell (Van)
3 - Alexander Radulov (Col)

Power Play

Avalanche - 1 on 4 Attempt(s) - 25.00%
Canucks - 0 on 3 Attempt(s) - 0.00%

Penalty Kill

Avalanche - 3 on 3 Attempt(s) - 100.00% - Score 0 goal in Penalty Kill
Canucks - 3 on 4 Attempt(s) - 75.00% - Score 0 goal in Penalty Kill

Team Stat

Avalanche - Hits : 24 - Faceoff Wins : 29 - Blocked Shots : 14 - Penalty Minutes : 6
Canucks - Hits : 22 - Faceoff Wins : 27 - Blocked Shots : 7 - Penalty Minutes : 8

Official

Referees : Unknown
Linesman : Unknown

Game Notes

No Game Note

Finance

Level 1 -- Attendance: 6000 (100.00%) -- Ticket Income $510,000
Level 2 -- Attendance: 5000 (100.00%) -- Ticket Income $255,000
Level 3 -- Attendance: 2000 (100.00%) -- Ticket Income $64,000
Level 4 -- Attendance: 3868 (96.70%) -- Ticket Income $77,360
Luxury Box -- Attendance: 1000 (100.00%) -- Ticket Income $100,000
Game was played at the Budweiser Coliseum.
Total Attendance: 17868 (99.27%)
Total Ticket Income: $1,006,360
Other Income: $150,954
Total Income: $1,157,314

Avalanche

5 vs 5 Forward 
   Center                   Left Wing                Right Wing               Time % Phy DF OF 
 1 Bryan Little             Mikkel Boedker           Patric Hornqvist         35     1   2  2  
 2 Paul Stastny             Andrew Ladd              Alexander Radulov        35     1   2  2  
 3 Greg Campbell            Andrei Kostitsyn         Brandon Yip              20     1   2  2  
 4 Dominic Moore            Zach Boychuk             Chuck Kobasew            10     1   2  2  

5 vs 5 Defense 
   Defense                  Defense                                           Time % Phy DF OF 
 1 Pernell Karl Subban      Jack Johnson                                      40     1   2  2  
 2 Jay Bouwmeester          Marc Staal                                        35     1   2  2  
 3 Johnny Boychuk           Dan Boyle                                         25     1   2  2  
 4 Marc Staal               Jack Johnson                                      0      1   2  2  

PowerPlay Forward 
   Center                   Left Wing                Right Wing               Time % Phy DF OF 
 1 Bryan Little             Mikkel Boedker           Patric Hornqvist         60     1   2  2  
 2 Paul Stastny             Andrei Kostitsyn         Alexander Radulov        40     1   2  2  

PowerPlay Defense
   Defense                  Defense                                           Time % Phy DF OF 
 1 Jay Bouwmeester          Jack Johnson                                      60     1   2  2  
 2 Pernell Karl Subban      Marc Staal                                        40     1   2  2  

Penalty Kill 4 Players Forward 
   Center                   Wing                     Time % Phy DF OF 
 1 Dominic Moore            Chuck Kobasew            60     1   2  2  
 2 Andrew Ladd              Brandon Yip              40     1   2  2  

Penalty Kill 4 Players Defense
   Defense                  Defense                  Time % Phy DF OF 
 1 Marc Staal               Pernell Karl Subban      60     1   2  2  
 2 Jack Johnson             Johnny Boychuk           40     1   2  2  

Penalty Kill - 3 Players Forward 
   Forward                                           Time % Phy DF OF 
 1 Chuck Kobasew                                     60     1   2  2  
 2 Andrew Ladd                                       40     1   2  2  

Penalty Kill - 3 Players Defense
   Defense                  Defense                  Time % Phy DF OF 
 1 Marc Staal               Jack Johnson             60     1   2  2  
 2 Pernell Karl Subban      Johnny Boychuk           40     1   2  2  

4 vs 4 Forward 
   Center                   Wing                     Time % Phy DF OF 
 1 Patric Hornqvist         Mikkel Boedker           60     1   2  2  
 2 Bryan Little             Andrei Kostitsyn         40     1   2  2  

4 vs 4 Defense
   Defense                  Defense                  Time % Phy DF OF 
 1 Marc Staal               Jack Johnson             60     1   2  2  
 2 Pernell Karl Subban      Johnny Boychuk           40     1   2  2  

Last Minutes Offensive
   Center                   Left Wing                Right Wing               Defense                  Defense                  
   Bryan Little             Mikkel Boedker           Patric Hornqvist         Marc Staal               Jack Johnson             

Last Minutes Defensive
   Center                   Left Wing                Right Wing               Defense                  Defense                  
   Bryan Little             Andrew Ladd              Chuck Kobasew            Marc Staal               Jack Johnson             

Goaltenders
Starting : Roberto Luongo           
Backup : Semyon Varlamov          

Extra Forwards
Normal : Andrew Ladd, Alexander Radulov, Greg Campbell - PP : Andrew Ladd, Alexander Radulov - PK : Greg Campbell
Extra Defensemen
Normal : Jay Bouwmeester, Dan Boyle, Pernell Karl Subban - PP : Jay Bouwmeester - PK : Jay Bouwmeester, Pernell Karl Subban
Penalty Shots
Mikkel Boedker, Patric Hornqvist, Paul Stastny, Bryan Little, Andrei Kostitsyn

Scratches
None

Canucks

5 vs 5 Forward 
   Center                   Left Wing                Right Wing               Time % Phy DF OF 
 1 Matt Stajan              Clarke MacArthur         Brad Boyes               55     0   0  5  
 2 Mike Ribeiro             Chris Higgins            Jiri Hudler              30     0   0  5  
 3 Michael Latta            Peter Worrell            Johan Franzen            10     1   2  2  
 4 Maxim Lapierre           Ryan Hollweg             Martins Karsums          5      1   2  2  

5 vs 5 Defense 
   Defense                  Defense                                           Time % Phy DF OF 
 1 Alex Goligoski           Steve Montador                                    50     0   0  5  
 2 Ladislav Smid            Danny DeKeiser                                    30     1   2  2  
 3 Chris Campoli            Jonathan Blum                                     15     1   2  2  
 4 Alex Goligoski           Jonathan Blum                                     5      1   2  2  

PowerPlay Forward 
   Center                   Left Wing                Right Wing               Time % Phy DF OF 
 1 Matt Stajan              Clarke MacArthur         Brad Boyes               60     0   0  5  
 2 Michael Latta            Chris Higgins            Jiri Hudler              40     0   0  5  

PowerPlay Defense
   Defense                  Defense                                           Time % Phy DF OF 
 1 Alex Goligoski           Jonathan Blum                                     60     0   0  5  
 2 Steve Montador           Danny DeKeiser                                    40     0   0  5  

Penalty Kill 4 Players Forward 
   Center                   Wing                     Time % Phy DF OF 
 1 Matt Stajan              Brad Boyes               60     1   2  2  
 2 Clarke MacArthur         Chris Higgins            40     1   2  2  

Penalty Kill 4 Players Defense
   Defense                  Defense                  Time % Phy DF OF 
 1 Alex Goligoski           Steve Montador           60     1   2  2  
 2 Ladislav Smid            Chris Campoli            40     1   2  2  

Penalty Kill - 3 Players Forward 
   Forward                                           Time % Phy DF OF 
 1 Matt Stajan                                       60     1   2  2  
 2 Brad Boyes                                        40     1   2  2  

Penalty Kill - 3 Players Defense
   Defense                  Defense                  Time % Phy DF OF 
 1 Alex Goligoski           Steve Montador           60     1   2  2  
 2 Ladislav Smid            Chris Campoli            40     1   2  2  

4 vs 4 Forward 
   Center                   Wing                     Time % Phy DF OF 
 1 Matt Stajan              Brad Boyes               60     1   2  2  
 2 Clarke MacArthur         Chris Higgins            40     1   2  2  

4 vs 4 Defense
   Defense                  Defense                  Time % Phy DF OF 
 1 Alex Goligoski           Steve Montador           60     1   2  2  
 2 Ladislav Smid            Chris Campoli            40     1   2  2  

Last Minutes Offensive
   Center                   Left Wing                Right Wing               Defense                  Defense                  
   Matt Stajan              Clarke MacArthur         Brad Boyes               Alex Goligoski           Steve Montador           

Last Minutes Defensive
   Center                   Left Wing                Right Wing               Defense                  Defense                  
   Matt Stajan              Clarke MacArthur         Brad Boyes               Alex Goligoski           Steve Montador           

Goaltenders
Starting : Michal Neuvirth          
Backup : Alex Stalock             

Extra Forwards
Normal : Peter Worrell, Maxim Lapierre, Ryan Hollweg - PP : Peter Worrell, Maxim Lapierre - PK : Ryan Hollweg
Extra Defensemen
Normal : Danny DeKeiser, Jonathan Blum, Ladislav Smid - PP : Danny DeKeiser - PK : Jonathan Blum, Ladislav Smid
Penalty Shots
Matt Stajan, Brad Boyes, Clarke MacArthur, Chris Higgins, Mike Ribeiro

Scratches
Nik Antropov (Healthy), Jamie McBain (Sprained Left Finger Injury)

% Time on Ice - Avalanche

Lines # - Real PCT - Wanted PCT - Time Play
Normal Forward
1 - 32% - 35% - 15:24
2 - 35% - 35% - 17:00
3 - 19% - 20% - 9:14
4 - 13% - 10% - 6:29
Normal Defense
1 - 39% - 40% - 18:48
2 - 35% - 35% - 16:38
3 - 26% - 25% - 12:41
4 - 0% - 0% - 0:00
PP Forward
1 - 71% - 60% - 4:11
2 - 29% - 40% - 1:45
PP Defense
1 - 64% - 60% - 3:47
2 - 36% - 40% - 2:09
PK Forward
1 - 72% - 60% - 4:16
2 - 28% - 40% - 1:41
PK Defense
1 - 58% - 60% - 3:27
2 - 42% - 40% - 2:30
PK3 Forward
1 - 0% - 60%
2 - 0% - 40%
PK3 Defense
1 - 0% - 60%
2 - 0% - 40%
44 Forward
1 - 0% - 60%
2 - 0% - 40%
44 Defense
1 - 0% - 60%
2 - 0% - 40%
Last Minute Offensive  - 0:00
Last Minute Defensive  - 0:00
Total
Forward - 60:00
Defense - 60:00

% Time on Ice - Canucks

Lines # - Real PCT - Wanted PCT - Time Play
Normal Forward
1 - 35% - 55% - 16:37
2 - 30% - 30% - 14:18
3 - 23% - 10% - 10:55
4 - 13% - 5% - 6:17
Normal Defense
1 - 42% - 50% - 20:13
2 - 34% - 30% - 16:32
3 - 23% - 15% - 10:56
4 - 1% - 5% - 0:26
PP Forward
1 - 56% - 60% - 3:20
2 - 44% - 40% - 2:37
PP Defense
1 - 55% - 60% - 3:15
2 - 45% - 40% - 2:42
PK Forward
1 - 72% - 60% - 4:16
2 - 28% - 40% - 1:40
PK Defense
1 - 55% - 60% - 3:15
2 - 45% - 40% - 2:41
PK3 Forward
1 - 0% - 60%
2 - 0% - 40%
PK3 Defense
1 - 0% - 60%
2 - 0% - 40%
44 Forward
1 - 0% - 60%
2 - 0% - 40%
44 Defense
1 - 0% - 60%
2 - 0% - 40%
Last Minute Offensive  - 0:00
Last Minute Defensive  - 0:00
Total
Forward - 60:00
Defense - 60:00

Play by Play

1st period


0:01 of 1st period - Bryan Little wins face-off versus Matt Stajan in neutral zone.
0:38 of 1st period - Slapshot by Peter Worrell.
0:38 of 1st period - Deflect By Johan Franzen.
0:38 of 1st period - Shot Misses the Net.
0:38 of 1st period - Puck is out of play.
0:39 of 1st period - Paul Stastny wins face-off versus Mike Ribeiro in Avalanche zone.
1:19 of 1st period - Slapshot by Andrei Kostitsyn.
1:19 of 1st period - Shot Misses the Net.
2:21 of 1st period - Snap shot by Chris Higgins.
2:21 of 1st period - Deflect By Jiri Hudler.
2:21 of 1st period - Stopped by Roberto Luongo with a rebound.
2:46 of 1st period - Icing by Brandon Yip.
2:47 of 1st period - Matt Stajan wins face-off versus Andrei Kostitsyn in Avalanche zone.
2:56 of 1st period - Snap shot by Matt Stajan.
2:56 of 1st period - Deflect By Clarke MacArthur.
2:56 of 1st period - Stopped by Roberto Luongo without a rebound.
2:57 of 1st period - Matt Stajan wins face-off versus Paul Stastny in Avalanche zone.
3:00 of 1st period - Wrist shot by Clarke MacArthur.
3:00 of 1st period - Shot Blocked by Paul Stastny.
3:02 of 1st period - Slapshot by Alex Goligoski.
3:02 of 1st period - Shot Misses the Net.
3:04 of 1st period - Slapshot by Alex Goligoski.
3:04 of 1st period - Deflect By Andrew Ladd.
3:04 of 1st period - Stopped by Roberto Luongo with a rebound.
3:12 of 1st period - Slapshot by Matt Stajan.
3:12 of 1st period - Shot Misses the Net.
3:14 of 1st period - Slapshot by Alex Goligoski.
3:14 of 1st period - Stopped by Roberto Luongo without a rebound.
3:15 of 1st period - Bryan Little wins face-off versus Jiri Hudler in Avalanche zone.
3:20 of 1st period - Patric Hornqvist is hit by Chris Higgins and loses puck.
3:27 of 1st period - Slapshot by Chris Higgins.
3:27 of 1st period - Shot Blocked by Johnny Boychuk.
3:29 of 1st period - Slapshot by Jonathan Blum.
3:29 of 1st period - Shot Misses the Net.
3:31 of 1st period - Snap shot by Jiri Hudler.
3:31 of 1st period - Shot Blocked by Johnny Boychuk.
4:04 of 1st period - Slapshot by Ryan Hollweg.
4:04 of 1st period - Stopped by Roberto Luongo with a rebound.
4:06 of 1st period - Slapshot by Alex Goligoski.
4:06 of 1st period - Shot Misses the Net.
4:08 of 1st period - Snap shot by Ryan Hollweg.
4:08 of 1st period - Stopped by Roberto Luongo without a rebound.
4:09 of 1st period - Mike Ribeiro wins face-off versus Bryan Little in Avalanche zone.
4:16 of 1st period - Snap shot by Chris Higgins.
4:16 of 1st period - Shot Misses the Net.
4:38 of 1st period - Andrew Ladd is hit by Matt Stajan and loses puck.
5:18 of 1st period - Off-side.
5:19 of 1st period - Greg Campbell wins face-off versus Maxim Lapierre in neutral zone.
5:26 of 1st period - Wrist shot by Ryan Hollweg.
5:26 of 1st period - Stopped by Roberto Luongo with a rebound.
5:46 of 1st period - Johnny Boychuk is hit by Brad Boyes and loses puck.
6:03 of 1st period - Minor Penalty to Chris Campoli for Roughing.
6:04 of 1st period - Bryan Little wins face-off versus Matt Stajan in Canucks zone.
6:21 of 1st period - Wrist shot by Mikkel Boedker.
6:21 of 1st period - Shot Blocked by Alex Goligoski.
6:39 of 1st period - Backhand shot by Jay Bouwmeester.
6:39 of 1st period - Deflect By Andrei Kostitsyn.
6:39 of 1st period - Shot Misses the Net.
6:39 of 1st period - Puck is out of play.
6:40 of 1st period - Paul Stastny wins face-off versus Clarke MacArthur in Canucks zone.
6:43 of 1st period - Snap shot by Alexander Radulov.
6:43 of 1st period - Stopped by Michal Neuvirth without a rebound.
6:44 of 1st period - Alexander Radulov wins face-off versus Matt Stajan in Canucks zone.
6:45 of 1st period - Snap shot by Andrei Kostitsyn.
6:45 of 1st period - Goal by Andrei Kostitsyn - Avalanche : 1 - Canucks : 0.
6:46 of 1st period - Matt Stajan wins face-off versus Paul Stastny in neutral zone.
6:49 of 1st period - Wrist shot by Steve Montador.
6:49 of 1st period - Shot Misses the Net.
6:51 of 1st period - Slapshot by Alex Goligoski.
6:51 of 1st period - Deflect By Clarke MacArthur.
6:51 of 1st period - Stopped by Roberto Luongo with a rebound.
7:15 of 1st period - Wrist shot by Paul Stastny.
7:15 of 1st period - Shot Blocked by Chris Higgins.
7:19 of 1st period - Wrist shot by Bryan Little.
7:19 of 1st period - Stopped by Michal Neuvirth without a rebound.
7:20 of 1st period - Mike Ribeiro wins face-off versus Patric Hornqvist in Canucks zone.
7:35 of 1st period - Snap shot by Jiri Hudler.
7:35 of 1st period - Stopped by Roberto Luongo without a rebound.
7:36 of 1st period - Paul Stastny wins face-off versus Matt Stajan in Avalanche zone.
8:45 of 1st period - Snap shot by Maxim Lapierre.
8:45 of 1st period - Shot Misses the Net.
8:47 of 1st period - Slapshot by Ladislav Smid.
8:47 of 1st period - Stopped by Roberto Luongo with a rebound.
8:49 of 1st period - Slapshot by Ladislav Smid.
8:49 of 1st period - Stopped by Roberto Luongo without a rebound.
8:50 of 1st period - Dominic Moore wins face-off versus Matt Stajan in Avalanche zone.
9:02 of 1st period - Dominic Moore is hit by Matt Stajan and loses puck.
9:17 of 1st period - Mike Ribeiro is hit by Dan Boyle and loses puck.
9:28 of 1st period - Andrew Ladd is hit by Mike Ribeiro and loses puck.
9:41 of 1st period - Wrist shot by Patric Hornqvist.
9:41 of 1st period - Shot Misses the Net.
9:51 of 1st period - Patric Hornqvist is hit by Peter Worrell and loses puck.
10:12 of 1st period - Snap shot by Brandon Yip.
10:12 of 1st period - Shot Misses the Net.
10:18 of 1st period - Minor Penalty to Clarke MacArthur for Roughing.
10:19 of 1st period - Bryan Little wins face-off versus Matt Stajan in Canucks zone.
10:44 of 1st period - Brad Boyes is hit by Alexander Radulov.
11:46 of 1st period - Matt Stajan is hit by Jay Bouwmeester and loses puck.
12:16 of 1st period - Icing by Jack Johnson.
12:17 of 1st period - Paul Stastny wins face-off versus Michael Latta in Avalanche zone.
12:18 of 1st period - Penalty to Clarke MacArthur is over, Clarke MacArthur is back on ice.
12:32 of 1st period - Snap shot by Zach Boychuk.
12:32 of 1st period - Shot Blocked by Steve Montador.
12:34 of 1st period - Slapshot by Dan Boyle.
12:34 of 1st period - Deflect By Clarke MacArthur.
12:34 of 1st period - Stopped by Michal Neuvirth without a rebound.
12:35 of 1st period - Matt Stajan wins face-off versus Dominic Moore in Canucks zone.
13:29 of 1st period - Snap shot by Bryan Little.
13:29 of 1st period - Deflect By Mikkel Boedker.
13:29 of 1st period - Shot Blocked by Ryan Hollweg.
13:29 of 1st period - Puck is out of play.
13:30 of 1st period - Paul Stastny wins face-off versus Matt Stajan in Canucks zone.
13:57 of 1st period - Chris Higgins is hit by Brandon Yip and loses puck.
14:28 of 1st period - Wrist shot by Patric Hornqvist.
14:28 of 1st period - Goal by Patric Hornqvist - Avalanche : 2 - Canucks : 0.
14:29 of 1st period - Matt Stajan wins face-off versus Paul Stastny in neutral zone.
15:11 of 1st period - Minor Penalty to Bryan Little for Hooking.
15:12 of 1st period - Matt Stajan wins face-off versus Dominic Moore in Avalanche zone.
15:13 of 1st period - Wrist shot by Brad Boyes.
15:13 of 1st period - Stopped by Roberto Luongo with a rebound.
15:48 of 1st period - Snap shot by Jiri Hudler.
15:48 of 1st period - Stopped by Roberto Luongo without a rebound.
15:49 of 1st period - Michael Latta wins face-off versus Dominic Moore in Avalanche zone.
16:11 of 1st period - Off-side.
16:12 of 1st period - Matt Stajan wins face-off versus Andrew Ladd in neutral zone.
16:35 of 1st period - Pernell Karl Subban is hit by Brad Boyes and loses puck.
16:41 of 1st period - Off-side.
16:42 of 1st period - Dominic Moore wins face-off versus Michael Latta in neutral zone.
16:53 of 1st period - Snap shot by Jiri Hudler.
16:53 of 1st period - Stopped by Roberto Luongo with a rebound.
16:55 of 1st period - Slapshot by Chris Higgins.
16:55 of 1st period - Shot Misses the Net.
16:57 of 1st period - Snap shot by Chris Higgins.
16:57 of 1st period - Shot Misses the Net.
17:11 of 1st period - Penalty to Bryan Little is over, Bryan Little is back on ice.
17:25 of 1st period - Slapshot by Ryan Hollweg.
17:25 of 1st period - Deflect By Maxim Lapierre.
17:25 of 1st period - Shot Blocked by Patric Hornqvist.
17:25 of 1st period - Puck is out of play.
17:26 of 1st period - Bryan Little wins face-off versus Maxim Lapierre in Avalanche zone.
17:42 of 1st period - Steve Montador is hit by Jay Bouwmeester and loses puck.
17:51 of 1st period - Alex Goligoski is hit by Mikkel Boedker and loses puck.
17:58 of 1st period - Wrist shot by Bryan Little.
17:58 of 1st period - Stopped by Michal Neuvirth without a rebound.
17:59 of 1st period - Brad Boyes wins face-off versus Paul Stastny in Canucks zone.
18:08 of 1st period - Wrist shot by Jack Johnson.
18:08 of 1st period - Deflect By Matt Stajan.
18:08 of 1st period - Stopped by Michal Neuvirth with a rebound.
18:10 of 1st period - Slapshot by Paul Stastny.
18:10 of 1st period - Stopped by Michal Neuvirth with a rebound.
18:12 of 1st period - Wrist shot by Paul Stastny.
18:12 of 1st period - Shot Blocked by Ladislav Smid.
18:14 of 1st period - Slapshot by Pernell Karl Subban.
18:14 of 1st period - Shot Misses the Net.
19:11 of 1st period - Snap shot by Matt Stajan.
19:11 of 1st period - Stopped by Roberto Luongo without a rebound.
19:12 of 1st period - Bryan Little wins face-off versus Clarke MacArthur in Avalanche zone.
19:48 of 1st period - Snap shot by Alexander Radulov.
19:48 of 1st period - Stopped by Michal Neuvirth without a rebound.
19:49 of 1st period - Matt Stajan wins face-off versus Greg Campbell in Canucks zone.
19:53 of 1st period - Off-side.
19:54 of 1st period - Matt Stajan wins face-off versus Brandon Yip in neutral zone.
Goals for this period are 2 for Avalanche vs 0 for Canucks.
Shots for this period are 9 for Avalanche vs 15 for Canucks.

2nd period


0:01 of 2nd period - Paul Stastny wins face-off versus Matt Stajan in neutral zone.
0:14 of 2nd period - Snap shot by Paul Stastny.
0:14 of 2nd period - Deflect By Alexander Radulov.
0:14 of 2nd period - Shot Misses the Net.
0:14 of 2nd period - Puck is out of play.
0:15 of 2nd period - Bryan Little wins face-off versus Clarke MacArthur in Canucks zone.
0:44 of 2nd period - Icing by Ladislav Smid.
0:45 of 2nd period - Mike Ribeiro wins face-off versus Paul Stastny in Canucks zone.
0:45 of 2nd period - Mike Ribeiro is hit by Paul Stastny.
1:23 of 2nd period - Minor Penalty to Andrew Ladd for Hooking.
1:24 of 2nd period - Matt Stajan wins face-off versus Dominic Moore in Avalanche zone.
3:22 of 2nd period - Danny DeKeiser is hit by Bryan Little and loses puck.
3:23 of 2nd period - Penalty to Andrew Ladd is over, Andrew Ladd is back on ice.
3:41 of 2nd period - Snap shot by Andrei Kostitsyn.
3:41 of 2nd period - Stopped by Michal Neuvirth with a rebound.
3:43 of 2nd period - Slapshot by Dan Boyle.
3:43 of 2nd period - Shot Blocked by Steve Montador.
3:45 of 2nd period - Slapshot by Dan Boyle.
3:45 of 2nd period - Shot Misses the Net.
3:47 of 2nd period - Wrist shot by Andrew Ladd.
3:47 of 2nd period - Stopped by Michal Neuvirth with a rebound.
3:57 of 2nd period - Wrist shot by Andrei Kostitsyn.
3:57 of 2nd period - Stopped by Michal Neuvirth without a rebound.
3:58 of 2nd period - Martins Karsums wins face-off versus Paul Stastny in Canucks zone.
4:07 of 2nd period - Slapshot by Ryan Hollweg.
4:07 of 2nd period - Shot Blocked by Paul Stastny.
4:27 of 2nd period - Slapshot by Dan Boyle.
4:27 of 2nd period - Stopped by Michal Neuvirth with a rebound.
4:45 of 2nd period - Johnny Boychuk is hit by Alex Goligoski and loses puck.
5:04 of 2nd period - Snap shot by Brandon Yip.
5:04 of 2nd period - Stopped by Michal Neuvirth without a rebound.
5:05 of 2nd period - Maxim Lapierre wins face-off versus Andrei Kostitsyn in Canucks zone.
5:05 of 2nd period - Maxim Lapierre is hit by Pernell Karl Subban.
5:55 of 2nd period - Jay Bouwmeester is hit by Peter Worrell and loses puck.
6:06 of 2nd period - Snap shot by Peter Worrell.
6:06 of 2nd period - Goal by Peter Worrell - Avalanche : 2 - Canucks : 1.
6:07 of 2nd period - Paul Stastny wins face-off versus Matt Stajan in neutral zone.
6:12 of 2nd period - Wrist shot by Andrew Ladd.
6:12 of 2nd period - Stopped by Michal Neuvirth with a rebound.
6:14 of 2nd period - Wrist shot by Alexander Radulov.
6:14 of 2nd period - Shot Misses the Net.
6:16 of 2nd period - Slapshot by Jack Johnson.
6:16 of 2nd period - Shot Misses the Net.
6:32 of 2nd period - Jack Johnson is hit by Alex Goligoski and loses puck.
6:37 of 2nd period - Snap shot by Chris Higgins.
6:37 of 2nd period - Shot Misses the Net.
6:39 of 2nd period - Wrist shot by Mike Ribeiro.
6:39 of 2nd period - Shot Blocked by Bryan Little.
6:41 of 2nd period - Snap shot by Jonathan Blum.
6:41 of 2nd period - Stopped by Roberto Luongo with a rebound.
7:01 of 2nd period - Pernell Karl Subban is hit by Johan Franzen and loses puck.
7:52 of 2nd period - Wrist shot by Mikkel Boedker.
7:52 of 2nd period - Stopped by Michal Neuvirth without a rebound.
7:53 of 2nd period - Bryan Little wins face-off versus Matt Stajan in Canucks zone.
8:00 of 2nd period - Wrist shot by Mikkel Boedker.
8:00 of 2nd period - Shot Misses the Net.
8:02 of 2nd period - Wrist shot by Bryan Little.
8:02 of 2nd period - Shot Misses the Net.
8:04 of 2nd period - Backhand shot by Mikkel Boedker.
8:04 of 2nd period - Stopped by Michal Neuvirth with a rebound.
8:06 of 2nd period - Snap shot by Mikkel Boedker.
8:06 of 2nd period - Shot Blocked by Steve Montador.
8:08 of 2nd period - Backhand shot by Jay Bouwmeester.
8:08 of 2nd period - Stopped by Michal Neuvirth with a rebound.
8:10 of 2nd period - Slapshot by Jay Bouwmeester.
8:10 of 2nd period - Stopped by Michal Neuvirth with a rebound.
8:12 of 2nd period - Snap shot by Bryan Little.
8:12 of 2nd period - Shot Misses the Net.
8:14 of 2nd period - Slapshot by Jay Bouwmeester.
8:14 of 2nd period - Stopped by Michal Neuvirth without a rebound.
8:15 of 2nd period - Mike Ribeiro wins face-off versus Paul Stastny in Canucks zone.
8:32 of 2nd period - Snap shot by Chris Higgins.
8:32 of 2nd period - Goal by Chris Higgins - Avalanche : 2 - Canucks : 2.
8:33 of 2nd period - Paul Stastny wins face-off versus Matt Stajan in neutral zone.
9:05 of 2nd period - Wrist shot by Mikkel Boedker.
9:05 of 2nd period - Shot Misses the Net.
9:09 of 2nd period - Wrist shot by Bryan Little.
9:09 of 2nd period - Shot Misses the Net.
10:08 of 2nd period - Dan Boyle is hit by Ryan Hollweg and loses puck.
10:33 of 2nd period - Snap shot by Mikkel Boedker.
10:33 of 2nd period - Stopped by Michal Neuvirth with a rebound.
11:02 of 2nd period - Snap shot by Bryan Little.
11:02 of 2nd period - Stopped by Michal Neuvirth with a rebound.
11:08 of 2nd period - Backhand shot by Mikkel Boedker.
11:08 of 2nd period - Stopped by Michal Neuvirth with a rebound.
11:10 of 2nd period - Wrist shot by Patric Hornqvist.
11:10 of 2nd period - Shot Misses the Net.
11:12 of 2nd period - Slapshot by Jack Johnson.
11:12 of 2nd period - Shot Misses the Net.
11:14 of 2nd period - Snap shot by Jack Johnson.
11:14 of 2nd period - Goal by Jack Johnson - Avalanche : 3 - Canucks : 2.
11:15 of 2nd period - Matt Stajan wins face-off versus Alexander Radulov in neutral zone.
11:41 of 2nd period - Steve Montador is hit by Brandon Yip and loses puck.
13:05 of 2nd period - Chris Campoli is hit by Greg Campbell.
15:21 of 2nd period - Slapshot by Michael Latta.
15:21 of 2nd period - Stopped by Roberto Luongo with a rebound.
15:23 of 2nd period - Snap shot by Johan Franzen.
15:23 of 2nd period - Shot Blocked by Brandon Yip.
15:25 of 2nd period - Snap shot by Johan Franzen.
15:25 of 2nd period - Shot Misses the Net.
15:37 of 2nd period - Wrist shot by Chris Higgins.
15:37 of 2nd period - Shot Misses the Net.
15:41 of 2nd period - Wrist shot by Jiri Hudler.
15:41 of 2nd period - Shot Misses the Net.
15:43 of 2nd period - Snap shot by Jiri Hudler.
15:43 of 2nd period - Shot Misses the Net.
16:01 of 2nd period - Snap shot by Andrew Ladd.
16:01 of 2nd period - Deflect By Alexander Radulov.
16:01 of 2nd period - Stopped by Michal Neuvirth without a rebound.
16:02 of 2nd period - Matt Stajan wins face-off versus Paul Stastny in Canucks zone.
16:27 of 2nd period - Clarke MacArthur is hit by Paul Stastny and loses puck.
16:44 of 2nd period - Slapshot by Alex Goligoski.
16:44 of 2nd period - Shot Hit the Post.
16:50 of 2nd period - Snap shot by Andrew Ladd.
16:50 of 2nd period - Shot Misses the Net.
16:52 of 2nd period - Slapshot by Johnny Boychuk.
16:52 of 2nd period - Stopped by Michal Neuvirth with a rebound.
17:04 of 2nd period - Snap shot by Matt Stajan.
17:04 of 2nd period - Shot Misses the Net.
17:06 of 2nd period - Slapshot by Steve Montador.
17:06 of 2nd period - Shot Blocked by Jay Bouwmeester.
17:08 of 2nd period - Slapshot by Brad Boyes.
17:08 of 2nd period - Stopped by Roberto Luongo without a rebound.
17:09 of 2nd period - Patric Hornqvist wins face-off versus Mike Ribeiro in Avalanche zone.
17:18 of 2nd period - Slapshot by Johnny Boychuk.
17:18 of 2nd period - Shot Misses the Net.
17:20 of 2nd period - Slapshot by Johnny Boychuk.
17:20 of 2nd period - Stopped by Michal Neuvirth without a rebound.
17:21 of 2nd period - Mike Ribeiro wins face-off versus Patric Hornqvist in Canucks zone.
17:38 of 2nd period - Snap shot by Mikkel Boedker.
17:38 of 2nd period - Shot Misses the Net.
17:48 of 2nd period - Chuck Kobasew is hit by Johan Franzen and loses puck.
17:53 of 2nd period - Wrist shot by Michael Latta.
17:53 of 2nd period - Shot Misses the Net.
17:55 of 2nd period - Snap shot by Michael Latta.
17:55 of 2nd period - Shot Misses the Net.
17:57 of 2nd period - Slapshot by Chris Campoli.
17:57 of 2nd period - Deflect By Peter Worrell.
17:57 of 2nd period - Stopped by Roberto Luongo without a rebound.
17:58 of 2nd period - Matt Stajan wins face-off versus Bryan Little in Avalanche zone.
18:27 of 2nd period - Chris Campoli is hit by Marc Staal.
18:31 of 2nd period - Jonathan Blum is hit by Andrew Ladd and loses puck.
18:42 of 2nd period - Wrist shot by Chris Higgins.
18:42 of 2nd period - Shot Blocked by Pernell Karl Subban.
18:44 of 2nd period - Snap shot by Peter Worrell.
18:44 of 2nd period - Goal by Peter Worrell - Avalanche : 3 - Canucks : 3.
18:45 of 2nd period - Paul Stastny wins face-off versus Matt Stajan in neutral zone.
18:49 of 2nd period - Off-side.
18:50 of 2nd period - Paul Stastny wins face-off versus Matt Stajan in neutral zone.
19:26 of 2nd period - Chris Higgins is hit by Patric Hornqvist and loses puck.
19:41 of 2nd period - Slapshot by Michael Latta.
19:41 of 2nd period - Stopped by Roberto Luongo with a rebound.
19:43 of 2nd period - Snap shot by Peter Worrell.
19:43 of 2nd period - Shot Misses the Net.
Goals for this period are 1 for Avalanche vs 3 for Canucks.
Shots for this period are 18 for Avalanche vs 8 for Canucks.

3rd period


0:01 of 3rd period - Paul Stastny wins face-off versus Matt Stajan in neutral zone.
0:14 of 3rd period - Snap shot by Matt Stajan.
0:14 of 3rd period - Stopped by Roberto Luongo with a rebound.
0:16 of 3rd period - Backhand shot by Steve Montador.
0:16 of 3rd period - Stopped by Roberto Luongo with a rebound.
0:35 of 3rd period - Patric Hornqvist is hit by Alex Goligoski and loses puck.
0:43 of 3rd period - Icing by Marc Staal.
0:44 of 3rd period - Peter Worrell wins face-off versus Bryan Little in Avalanche zone.
0:51 of 3rd period - Slapshot by Brad Boyes.
0:51 of 3rd period - Stopped by Roberto Luongo without a rebound.
0:52 of 3rd period - Matt Stajan wins face-off versus Paul Stastny in Avalanche zone.
1:25 of 3rd period - Off-side.
1:26 of 3rd period - Paul Stastny wins face-off versus Matt Stajan in neutral zone.
1:41 of 3rd period - Wrist shot by Alexander Radulov.
1:41 of 3rd period - Shot Misses the Net.
2:33 of 3rd period - Andrei Kostitsyn is hit by Michael Latta and loses puck.
2:38 of 3rd period - Wrist shot by Michael Latta.
2:38 of 3rd period - Shot Misses the Net.
2:40 of 3rd period - Wrist shot by Alex Goligoski.
2:40 of 3rd period - Shot Blocked by Marc Staal.
2:54 of 3rd period - Snap shot by Peter Worrell.
2:54 of 3rd period - Shot Misses the Net.
3:08 of 3rd period - Slapshot by Peter Worrell.
3:08 of 3rd period - Shot Blocked by Andrei Kostitsyn.
3:12 of 3rd period - Slapshot by Alex Goligoski.
3:12 of 3rd period - Deflect By Andrei Kostitsyn.
3:12 of 3rd period - Stopped by Roberto Luongo with a rebound.
3:14 of 3rd period - Backhand shot by Michael Latta.
3:14 of 3rd period - Stopped by Roberto Luongo without a rebound.
3:15 of 3rd period - Andrew Ladd wins face-off versus Matt Stajan in Avalanche zone.
3:22 of 3rd period - Wrist shot by Pernell Karl Subban.
3:22 of 3rd period - Deflect By Matt Stajan.
3:22 of 3rd period - Stopped by Michal Neuvirth with a rebound.
3:52 of 3rd period - Andrew Ladd is hit by Martins Karsums and loses puck.
4:39 of 3rd period - Zach Boychuk is hit by Mike Ribeiro and loses puck.
4:54 of 3rd period - Maxim Lapierre is hit by Pernell Karl Subban and loses puck.
5:07 of 3rd period - Greg Campbell is hit by Brad Boyes and loses puck.
5:33 of 3rd period - Dominic Moore is hit by Ryan Hollweg and loses puck.
6:14 of 3rd period - Slapshot by Chuck Kobasew.
6:14 of 3rd period - Stopped by Michal Neuvirth without a rebound.
6:15 of 3rd period - Matt Stajan wins face-off versus Paul Stastny in Canucks zone.
6:36 of 3rd period - Minor Penalty to Ladislav Smid for Hooking.
6:37 of 3rd period - Matt Stajan wins face-off versus Bryan Little in Canucks zone.
7:59 of 3rd period - Jonathan Blum is hit by Mikkel Boedker and loses puck.
8:20 of 3rd period - Alex Goligoski is hit by Mikkel Boedker and loses puck.
8:36 of 3rd period - Penalty to Ladislav Smid is over, Ladislav Smid is back on ice.
8:48 of 3rd period - Wrist shot by Alexander Radulov.
8:48 of 3rd period - Goal by Alexander Radulov - Avalanche : 4 - Canucks : 3.
8:49 of 3rd period - Paul Stastny wins face-off versus Michael Latta in neutral zone.
9:02 of 3rd period - Snap shot by Johan Franzen.
9:02 of 3rd period - Shot Blocked by Jack Johnson.
9:04 of 3rd period - Snap shot by Peter Worrell.
9:04 of 3rd period - Shot Misses the Net.
9:10 of 3rd period - Minor Penalty to Paul Stastny for Interference.
9:11 of 3rd period - Dominic Moore wins face-off versus Matt Stajan in Avalanche zone.
9:38 of 3rd period - Marc Staal is hit by Michael Latta and loses puck.
10:35 of 3rd period - Backhand shot by Andrei Kostitsyn.
10:35 of 3rd period - Stopped by Michal Neuvirth with a rebound.
11:10 of 3rd period - Penalty to Paul Stastny is over, Paul Stastny is back on ice.
11:23 of 3rd period - Maxim Lapierre is hit by Patric Hornqvist and loses puck.
12:12 of 3rd period - Danny DeKeiser is hit by Greg Campbell and loses puck.
12:57 of 3rd period - Marc Staal is hit by Peter Worrell.
13:38 of 3rd period - Ladislav Smid is hit by Paul Stastny and loses puck.
13:51 of 3rd period - Johan Franzen is hit by Paul Stastny and loses puck.
14:09 of 3rd period - Peter Worrell is hit by Alexander Radulov and loses puck.
14:26 of 3rd period - Slapshot by Alexander Radulov.
14:26 of 3rd period - Shot Misses the Net.
14:48 of 3rd period - Snap shot by Peter Worrell.
14:48 of 3rd period - Shot Misses the Net.
15:43 of 3rd period - Slapshot by Steve Montador.
15:43 of 3rd period - Shot Blocked by Dan Boyle.
15:45 of 3rd period - Slapshot by Alex Goligoski.
15:45 of 3rd period - Deflect By Michael Latta.
15:45 of 3rd period - Shot Blocked by Andrew Ladd.
15:45 of 3rd period - Puck is out of play.
15:46 of 3rd period - Matt Stajan wins face-off versus Greg Campbell in Avalanche zone.
16:12 of 3rd period - Patric Hornqvist is hit by Jiri Hudler and loses puck.
17:58 of 3rd period - Jiri Hudler is hit by Brandon Yip and loses puck.
18:28 of 3rd period - Snap shot by Zach Boychuk.
18:28 of 3rd period - Deflect By Chuck Kobasew.
18:28 of 3rd period - Stopped by Michal Neuvirth with a rebound.
18:43 of 3rd period - Minor Penalty to Chris Higgins for High sticking.
18:44 of 3rd period - Bryan Little wins face-off versus Matt Stajan in Canucks zone.
Goals for this period are 1 for Avalanche vs 0 for Canucks.
Shots for this period are 5 for Avalanche vs 5 for Canucks.